 Dungeon Crawl Stone Soup version 0.21.1-1-g345015f (webtiles) character file.

13928 wilfster70 the Cleaver (level 11, -5/89 HPs)
             Began as a Demonspawn Berserker on June 21, 2018.
             Was a High Priest of Trog.
             Slain by a spiny frog (7 damage)
             ... on level 1 of the Lair of Beasts.
             The game lasted 00:42:59 (11979 turns).

wilfster70 the Cleaver (Demonspawn Berserker)      Turns: 11979, Time: 00:42:59

Health: -5/89      AC: 15    Str: 18    XL:     11   Next: 82%
Magic:  11/11      EV: 16    Int: 10    God:    Trog [*****.]
Gold:   813        SH:  5    Dex: 14    Spells: 10/10 levels left

rFire    . . .     SeeInvis .   a - +1 war axe (chop)
rCold    . . .     Gourm    +   w - +0 buckler
rNeg     . . .     Faith    .   r - +3 leather armour {MR+}
rPois    .         Spirit   .   (no helmet)
rElec    .         Reflect  .   i - +0 cloak
rCorr    .         Harm     .   k - +0 pair of gloves
MR       +++..                  J - +0 pair of boots
Stlth    +.........             l - amulet of the gourmand
HPRegen  1.24/turn              (no ring)
MPRegen  0.12/turn              (no ring)

@: lethally poisoned (-5 -> -6), regenerating
A: talons 2, iridescent scales 2, demonic guardian 1, powered by pain 2
a: Berserk, Trog's Hand, Brothers in Arms, Burn Spellbooks, Renounce Religion


You were on level 1 of the Lair of Beasts.
You worshipped Trog.
Trog was extremely pleased with you.
You were not hungry.

You visited 3 branches of the dungeon, and saw 13 of its levels.

You collected 916 gold pieces.
You spent 103 gold pieces at shops.

Inventory:

Hand Weapons
 a - a +1 war axe of chopping (weapon)
 b - a +3 mace of protection
Missiles
 e - 297 stones (quivered)
 h - 103 sling bullets
Armour
 i - a +0 cloak (worn)
 k - a +0 pair of gloves (worn)
 r - a +3 leather armour of magic resistance (worn)
 w - a +0 buckler (worn)
 J - a +0 pair of boots (worn)
Jewellery
 l - an amulet of the gourmand (around neck)
 K - an uncursed amulet of guardian spirit {unknown}
 M - an uncursed amulet of harm {unknown}
Wands
 g - a wand of acid (14)
 n - a wand of disintegration (9)
 s - a wand of flame (24)
 E - a wand of random effects (35)
 H - a wand of digging (10)
Scrolls
 d - a scroll of magic mapping
 f - 5 scrolls of fear
 t - 6 scrolls of teleportation
 u - 5 scrolls of remove curse
 x - 2 scrolls of blinking
 B - a scroll of identify
 D - 3 scrolls of immolation
 G - a scroll of brand weapon
Potions
 j - 2 potions of resistance
 m - a potion of might
 o - 5 potions of curing
 p - 3 potions of lignification
 q - 2 potions of ambrosia
 v - 3 potions of agility
 z - 3 potions of flight
 A - 2 potions of heal wounds
 C - 2 potions of mutation
 F - a potion of cancellation {unknown}
 I - a potion of brilliance {unknown}
 L - a potion of magic {unknown}
Books
 y - a book of Changes

   Spells                             Type                      Level
   a - Beastly Appendage              Transmutation                1
   b - Sticks to Snakes               Transmutation                2
   c - Spider Form                    Transmutation/Poison         3
   d - Ice Form                       Ice/Transmutation            4
   e - Blade Hands                    Transmutation                5
   Trog disapproves of the use of such an item.
Comestibles
 c - 27 rations


   Skills:
 + Level 9.0 Fighting
 * Level 11.1 Axes
 + Level 7.9 Armour
 + Level 8.0 Dodging
 - Level 4.0 Shields


You had 10 spell levels left.
You didn't know any spells.

Dungeon Overview and Level Annotations

Branches:
Dungeon (11/15)            Temple (1/1) D:4            Lair (1/6) D:11
    Orc (0/2) D:11

Altars:
Fedhas
Gozag
Okawaru
Qazlal
Ru
Sif Muna
Trog
Uskayaw
Yredelemnul
Zin
The Shining One

Shops:
D:8 !   D:11 [=(

Portals:
Trove: D:10 (give 15 scrolls of teleportation)


Innate Abilities, Weirdness & Mutations

You have razor-sharp toenails.
You are mostly covered in iridescent scales. (AC +4)
A weak demonic guardian rushes to your aid.
You sometimes gain power by taking damage.


Message History

You feel sick. You block the spiny frog's attack.
You hit the spiny frog but do no damage.
The spiny frog is severely wounded.
You feel sick. The spiny frog stings you.
* * * LOW HITPOINT WARNING * * *
Your iron imp hits the spiny frog but does no damage.
Your skin crawls.
You feel resistant to hostile enchantments.
You feel somewhat more hungry.
You feel sick. The spiny frog stings you!
* * * LOW HITPOINT WARNING * * *
Your iron imp closely misses the spiny frog.
You hit the spiny frog but do no damage.
The spiny frog is severely wounded.
You feel sick. The spiny frog stings you!
* * * LOW HITPOINT WARNING * * *
Your iron imp hits the spiny frog but does no damage.
You slash the spiny frog!
The spiny frog is almost dead.
You feel sick. The spiny frog misses you. The spiny frog stings you!
You die...

####### ### #### ##
#####..P#.###.####..#####P####
................@F............
................5.......♣.....
P.P###.....######.#....≈.≈=≈.#
.....#.....######'#.♣≈≈≈.≈....
.....+.....##.......≈.≈.≈.≈.≈.
.....#.....##.......≈≈≈≈≈.....
.....#.....##......≈≈.≈≈≈...≈.
.....+.....##.....♣..≈≈≈.≈...≈
.....#......#..$...≈≈...≈.≈≈≈.


You could see a spiny frog and a friendly iron imp.

Vanquished Creatures
  Josephine (D:10)
  The ghost of n0claF the Archer, a journeyman CeHu of Okawaru (D:10)
  A hydra (Lair:1)
  2 two-headed ogres
  The ghost of Galewin the Severer, a novice MiBe of Trog (D:8)
  2 oklob plants (D:11)
  2 ugly things (D:11)
  A gargoyle (D:10)
  A spiny frog (Lair:1)
  The ghost of Thian the Distorting Demonspawn, an amateur DsAK of Lugonu (D:4)
  Grinder (D:4)
  A troll (D:9)
  2 hippogriffs
  Eustachio (D:4)
  6 yaks (D:9)
  5 wraiths (D:10)
  A hungry ghost (D:8)
  4 black bears
  3 ice beasts
  A necrophage (D:7)
  4 orc warriors
  A sky beast (D:5)
  5 ogres
  6 centaurs
  A crocodile (D:10)
  A big kobold (D:8)
  7 bullfrogs
  2 scorpions
  A wyvern skeleton (D:9)
  2 howler monkeys
  An electric eel (Lair:1)
  A bullfrog zombie (D:5)
  2 centaur zombies
  4 hounds
  2 quasits
  2 jellies
  Crazy Yiuf (D:3)
  A bullfrog skeleton (D:6)
  6 orc priests
  5 centaur skeletons
  4 orc wizards
  Ijyb (D:4)
  Natasha (twice) (D:3)
  2 iguanas
  4 worker ants
  2 hound zombies
  A hound skeleton (D:5)
  A howler monkey skeleton (D:7)
  A worker ant zombie (D:5)
  8 adders
  A shadow imp (D:8)
  An adder zombie (D:8)
  An ooze (D:3)
  An adder skeleton (D:8)
  A worm (D:3)
  6 dart slugs
  5 leopard geckos
  37 orcs
  3 ball pythons
  7 giant cockroaches
  5 goblins (D:1)
  9 hobgoblins
  7 jackals
  2 quokkas
  9 bats
  2 frilled lizards
  A jackal skeleton (D:6)
  8 kobolds
  A quokka skeleton (D:7)
  13 rats
  6 plants (D:11)
245 creatures vanquished.

Vanquished Creatures (collateral kills)
  The ghost of twistedcrescendo the Fighter, a journeyman MiBe of Trog (D:11)
  Joseph (D:9)
  A centaur (D:5)
  A scorpion (D:6)
  Natasha (D:3)
  An adder (D:3)
  An orc (D:3)
  A quokka (D:8)
8 creatures vanquished.

Vanquished Creatures (others)
  2 bushes (Lair:1)
  A fungus (Lair:1)
  2 plants (Lair:1)
5 creatures vanquished.

Grand Total: 258 creatures vanquished

Notes
Turn   | Place    | Note
-------+----------+-------------------------------------------
     0 | D:1      | wilfster70 the Demonspawn Berserker began the quest for the Orb.
     0 | D:1      | Reached XP level 1. HP: 18/18 MP: 1/1
   425 | D:1      | Gained mutation: You sometimes gain a little power by taking damage. [demonic ancestry]
   425 | D:1      | Reached XP level 2. HP: 21/24 MP: 2/2
   444 | D:1      | Reached skill level 3 in Axes
   703 | D:1      | Gained mutation: You are partially covered in iridescent scales. (AC +2) [demonic ancestry]
   703 | D:1      | Reached XP level 3. HP: 27/29 MP: 3/3
   844 | D:1      | Reached ** piety under Trog
  1566 | D:2      | Gained mutation: A weak demonic guardian rushes to your aid. [demonic ancestry]
  1566 | D:2      | Reached XP level 4. HP: 35/35 MP: 4/4
  2467 | D:3      | Found a blossoming altar of Fedhas.
  2474 | D:3      | Found a hide-covered altar of Uskayaw.
  2479 | D:3      | Found a glowing silver altar of Zin.
  2486 | D:3      | Found a bloodstained altar of Trog.
  2492 | D:3      | Found a sacrificial altar of Ru.
  2499 | D:3      | Found a stormy altar of Qazlal.
  2504 | D:3      | Found a deep blue altar of Sif Muna.
  2633 | D:3      | Noticed Natasha
  2635 | D:3      | Found an opulent altar of Gozag.
  2641 | D:3      | Killed Natasha
  2641 | D:3      | Gained mutation: You have sharp toenails. [demonic ancestry]
  2641 | D:3      | Reached XP level 5. HP: 28/42 MP: 5/5
  2806 | D:3      | Reached skill level 4 in Axes
  2986 | D:3      | Noticed Natasha
  2996 | D:3      | Killed Natasha
  3275 | D:3      | Found a runed door.
  3279 | D:3      | Noticed Crazy Yiuf
  3283 | D:3      | Killed Crazy Yiuf
  3316 | D:3      | Noticed Natasha
  3323 | D:3      | Killed Natasha
  3540 | D:4      | Gained mutation: You are mostly covered in iridescent scales. (AC +4) [demonic ancestry]
  3540 | D:4      | Reached XP level 6. HP: 47/48 MP: 6/6
  3948 | D:4      | Noticed Thian's ghost (amateur DsAK)
  3958 | D:4      | Noticed Eustachio
  3965 | D:4      | Killed Thian's ghost
  3965 | D:4      | Reached skill level 5 in Axes
  3965 | D:4      | Reached XP level 7. HP: 55/55 MP: 7/7
  4042 | D:4      | Killed Eustachio
  4042 | D:4      | Reached *** piety under Trog
  4114 | D:4      | Found a staircase to the Ecumenical Temple.
  4132 | Temple   | Entered the Ecumenical Temple
  4210 | D:4      | Noticed Grinder
  4232 | D:4      | Killed Grinder
  4232 | D:4      | Reached skill level 5 in Fighting
  4237 | D:4      | Noticed Ijyb
  4267 | D:4      | Killed Ijyb
  4267 | D:4      | Reached XP level 8. HP: 59/62 MP: 8/8
  4391 | D:5      | Entered Level 5 of the Dungeon
  4446 | D:5      | Reached skill level 6 in Axes
  4554 | D:5      | Found an iron altar of Okawaru.
  4981 | D:5      | Reached skill level 1 in Shields
  5575 | D:6      | Reached skill level 7 in Axes
  5754 | D:6      | Reached skill level 5 in Dodging
  5760 | D:6      | Reached skill level 5 in Armour
  5760 | D:6      | Reached XP level 9. HP: 69/69 MP: 9/9
  6712 | D:7      | Reached **** piety under Trog
  7234 | D:8      | Reached skill level 8 in Axes
  7395 | D:8      | Noticed Galewin's ghost (novice MiBe)
  7412 | D:8      | Killed Galewin's ghost
  7518 | D:8      | Found a basalt altar of Yredelemnul.
  7518 | D:8      | Found a glowing golden altar of the Shining One.
  7522 | D:8      | Noticed a profane servitor
  7533 | D:8      | Noticed an angel
  7586 | D:8      | Gained mutation: You have razor-sharp toenails. [demonic ancestry]
  7586 | D:8      | Reached XP level 10. HP: 77/77 MP: 10/10
  7730 | D:8      | Noticed a two-headed ogre
  7737 | D:8      | Killed a two-headed ogre
  7831 | D:8      | Reached skill level 9 in Axes
  7996 | D:8      | Found Wiafuowymo's Distillery.
  8791 | D:9      | Noticed Joseph
  8809 | D:9      | Killed Joseph
  8954 | D:10     | Entered Level 10 of the Dungeon
  8997 | D:10     | Noticed a gargoyle
  9016 | D:10     | Killed a gargoyle
  9069 | D:10     | Noticed Josephine
  9088 | D:10     | Reached ***** piety under Trog
  9088 | D:10     | Gained mutation: You sometimes gain power by taking damage. [demonic ancestry]
  9088 | D:10     | Reached XP level 11. HP: 86/86 MP: 11/11
  9091 | D:10     | Reached skill level 10 in Axes
  9099 | D:10     | Killed Josephine
  9722 | D:10     | Noticed n0claF's ghost (journeyman CeHu)
  9741 | D:10     | Killed n0claF's ghost
  9872 | D:10     | Found a portal to a secret trove of treasure.
 10049 | D:11     | Noticed a brown ugly thing
 10057 | D:11     | Killed a brown ugly thing
 10287 | D:11     | Noticed an oklob plant
 10323 | D:11     | Noticed a brown ugly thing
 10333 | D:11     | Killed a brown ugly thing
 10439 | D:11     | Found a staircase to the Orcish Mines.
 10553 | D:11     | Found Plog's Jewellery Emporium.
 10553 | D:11     | Found Feuskiu's Weapon Boutique.
 10657 | D:11     | Found Den Samn's Antique Armour Boutique.
 10673 | D:11     | Noticed a two-headed ogre
 10681 | D:11     | Killed a two-headed ogre
 10688 | D:11     | Bought a pair of boots for 103 gold pieces
 10743 | D:11     | Found a staircase to the Lair.
 10766 | D:11     | Noticed an oklob plant
 10817 | D:11     | Noticed twistedcrescendo's ghost (journeyman MiBe)
 10837 | D:11     | Killed twistedcrescendo's ghost
 10982 | D:11     | Killed an oklob plant
 11312 | D:11     | Killed an oklob plant
 11312 | D:11     | Reached skill level 11 in Axes
 11359 | Lair:1   | Entered Level 1 of the Lair of Beasts
 11596 | Lair:1   | Noticed a six-headed hydra
 11603 | Lair:1   | Killed a six-headed hydra
 11978 | Lair:1   | HP: 2/89 [spiny frog (11)]
 11979 | Lair:1   | Slain by a spiny frog

Skill      XL: |  1  2  3  4  5  6  7  8  9 10 11 |
---------------+----------------------------------+-----
Armour         | 2 3 4 5 6 7 |  7.9
Axes           | 3 4 5 7 8 9 11 | 11.1
Dodging        | 2 3 4 5 7 8 |  8.0
Fighting       | 4 5 6 7 9 |  9.0
Shields        | 1 3 4 |  4.0

Action                   |  1- 3 |  4- 6 |  7- 9 | 10-12 || total
-------------------------+-------+-------+-------+-------++-------
Melee: Hand axe          |   129 |   129 |    87 |       ||   345
       Kick              |       |    30 |   106 |    98 ||   234
       War axe           |       |       |   249 |   337 ||   586
       Mace              |       |       |       |     3 ||     3
Invok: Berserk           |     3 |     7 |     9 |    13 ||    32
       Trog's Hand       |       |     2 |     2 |     1 ||     5
Evoke: Wand              |       |       |       |     1 ||     1
  Use: Scroll            |     5 |     4 |     9 |     5 ||    23
 Stab: Distracted        |       |       |     3 |     1 ||     4
  Eat: Chunk             |     5 |    17 |    28 |    23 ||    73
Armor: Animal skin       |     3 |       |       |       ||     3
       Scale mail        |    45 |    70 |    36 |       ||   151
       Leather armour    |       |       |   116 |    85 ||   201
Dodge: Dodged            |    67 |    80 |   249 |   224 ||   620
Block: Buckler           |       |       |    29 |    70 ||    99
